 Dungeon Crawl Stone Soup version 0.27-a0-965-gbf8bb431c4 (webtiles) character file.

Game seed: 13317466742157334643

33 robertstho the Magician (level 3, -2/25 HPs)
             Began as a Djinni Fire Elementalist on Apr 12, 2021.
             Slain by a hobgoblin (5 damage)
             ... led by Robin
             ... on level 2 of the Dungeon.
             The game lasted 00:02:10 (1843 turns).

robertstho the Magician (Djinni Fire Elementalist)  Turns: 1843, Time: 00:02:11

Health: -2/25      AC:  3    Str:  7    XL:     3   Next: 29%
Gold:   1          EV: 12    Int: 17    God:
                   SH:  0    Dex: 13

rFire    + + .     SeeInvis .   c - +0 dagger
rCold    x . .     Faith    .   (no shield)
rNeg     . . .     Spirit   .   a - +0 robe
rPois    ∞         Reflect  .   (no helmet)
rElec    .         Harm     .   e - +0 cloak
rCorr    .         Rampage  .   (no gloves)
Will     .....                  (boots unavailable)
Stlth    ++........             (no amulet)
HPRegen  0.08/turn              (no ring)
MPRegen  0.00/turn              (no ring)

@: flying
A: fire resistance 2, cold vulnerability 1, float, innate caster, hp casting,
extra vitality 1
a: no special abilities


You were on level 2 of the Dungeon.
You visited 1 branch of the dungeon, and saw 2 of its levels.

You collected 1 gold pieces.

Inventory:

Hand Weapons
 c - a +0 dagger (weapon)
 h - a +0 long sword
Armour
 a - a +0 robe (worn)
 e - a +0 cloak (worn)
Scrolls
 b - a scroll of fog
Potions
 d - a potion of flight {unknown}
 f - a potion of attraction {unknown}


   Skills:
 + Level 2.5 Dodging
 + Level 1.9 Stealth
 + Level 3.4 Spellcasting


You couldn't memorise any spells.
You knew the following spells:

 Your Spells              Type           Power      Damage    Failure   Level
a - Foxfire               Conj/Fire      56%        2x1d6     4%          1
b - Conjure Flame         Conj/Fire      14%        6-21      12%         3
c - Inner Flame           Hex/Fire       14%        N/A       12%         3
d - Sticky Flame          Conj/Fire      14%        2d4       36%         4
e - Fireball              Conj/Fire      7%         3d5       73%         5
f - Freeze                Ice            56%        1d7       4%          1
Your spell library was empty.

Dungeon Overview and Level Annotations

Branches:
Dungeon (2/15)

Altars:

Annotations:
D:2 Robin


Innate Abilities, Weirdness & Mutations

You are immune to poison.
Your flesh is very heat resistant. (rF++)
You are vulnerable to cold. (rC-)
You float through the air rather than walking.
You learn spells naturally, not from books.
Your magical power is your life essence.
You have superior vitality. (+4 HP)


Message History

Unknown command.
The goblin no longer looks unusually strong.
The hobgoblin no longer looks unusually strong.
The goblin no longer looks unusually strong.
Robin roars a battlecry!
The goblins go into a battle-frenzy!
You hear a shout!
Casting: Foxfire (safe; 4% risk of failure)
Confirm with . or Enter, or press ? or * to list all spells.
You conjure some foxfire!
The foxfire hits the goblin.
The goblin is heavily wounded.
Robin roars a battlecry!
The foxfire hits the goblin.
You kill the goblin!
Casting: Foxfire (safe; 4% risk of failure)
Confirm with . or Enter, or press ? or * to list all spells.
You conjure some foxfire!
The foxfire hits Robin but does no damage. x2
Casting: Foxfire (safe; 4% risk of failure)
Confirm with . or Enter, or press ? or * to list all spells.
You conjure some foxfire!
* * * LOW HITPOINT WARNING * * *
Robin hits you with a +0 club.
* * * LOW HITPOINT WARNING * * *
The foxfire hits Robin.
Robin is lightly wounded.
The foxfire hits Robin.
Robin is moderately wounded.
The goblin unwields a +0 dagger.
The goblin wields a +0 hunting sling.
The goblin shoots a stone.
The stone hits you but does no damage.
Unknown command.
The hobgoblin no longer looks unusually strong.
The goblin no longer looks unusually strong.
Okay, then.
Robin roars a battlecry!
The goblins go into a battle-frenzy!
The goblin shoots a stone.
The stone hits you.
* * * LOW HITPOINT WARNING * * *
The hobgoblin hits you.
You die...

##########
#...gg.g..
##########
#g########
#........# #g#
#.#####.## #g#
###.# #@##### #g#
#.#.#####.g...# #.#
#.......#.....# #.#
#.#.###.#.g..g###.#
#.#.....#....g....#
#.########†...#####
#.# #...........
###.# #.##########
#.#.# #.#######


You could see Robin, a hobgoblin (strong) and 2 goblins.

Vanquished Creatures
  A worm (D:2)
  2 ball pythons (D:1)
  3 endoplasms (D:1)
  6 goblins
  3 hobgoblins (D:1)
  4 kobolds (D:1)
  3 quokkas
  4 frilled lizards
  A rat (D:1)
27 creatures vanquished.

Vanquished Creatures (others)
  86 foxfires
86 creatures vanquished.

Grand Total: 113 creatures vanquished

Notes
Turn   | Place    | Note
-------+----------+-------------------------------------------
     0 | D:1      | robertstho the Djinni Fire Elementalist began the quest for
                  | the Orb.
     0 | D:1      | Reached XP level 1. HP: 15/15 MP: 0/0
   109 | D:1      | Reached skill level 3 in Spellcasting
   138 | D:1      | Reached XP level 2. HP: 4/21 MP: 0/0
  1248 | D:1      | Reached XP level 3. HP: 24/25 MP: 0/0
  1248 | D:1      | Learned a level 1 spell: Freeze
  1805 | D:2      | Noticed Robin
  1843 | D:2      | Slain by a hobgoblin

Illustrated notes

Levels and vault maps discovered:
D:1:      co_arrival_square_in_a_square_in_a_square, layout_loops_cross
D:2:      layout_basic, ebering_ecumenical_altar_sacrificial,
          kennysheep_cross_room, grunt_decor_cap, uniq_robin

Skill      XL: |  1 |
---------------+----+-----
Spellcasting   | 3 |  3.4
Dodging        | |  2.5
Stealth        | |  1.9

Action                   || total
-------------------------++-------
 Cast: Foxfire           ||    57
  Use: Scroll            ||     2
Armor: Robe              ||     3
Dodge: Dodged            ||     8

Table legend: (Time is in decaauts)
 A = Elapsed time spent in this place.
 B = Non-inter-level travel time spent in this place.
 C = Inter-level travel time spent in this place.
 D = Time resting spent in this place.
 E = Time spent auto-exploring this place.
 F = Levels seen in this place.
 G = Mean time per level.
                   A        B        C        D        E       F      G
               +--------+--------+--------+--------+--------+-----+--------+
         Total |   1843 |   1679 |    164 |    243 |   1185 |   2 |  921.5 |
       Dungeon |   1843 |   1679 |    164 |    243 |   1185 |   2 |  921.5 |
               +--------+--------+--------+--------+--------+-----+--------+

Top non-repeatable levels by time:
     D:1: 1579 daAuts
     D:2: 264 daAuts
